 Dungeon Crawl Stone Soup version 0.22-a0-402-ga933591 (webtiles) character file.

17450 Serpenta the Grappler (level 12, -3/104 HPs)
             Began as a Ghoul Chaos Knight on May 7, 2018.
             Slain by an orc warrior
             ... wielding a +0 glaive
              (14 damage)
             ... on level 12 of the Dungeon.
             The game lasted 00:31:00 (13341 turns).

Serpenta the Grappler (Ghoul Chaos Knight)         Turns: 13341, Time: 00:31:01

Health: -3/104     AC:  8    Str: 12    XL:     12   Next: 48%
Magic:  15/15      EV: 18    Int:  7    God:    Xom [.*....]
Gold:   4458       SH:  0    Dex: 12    Spells: 11/11 levels left

rFire    . . .     SeeInvis .     - Unarmed
rCold    + + +     Gourm    .   (no shield)
rNeg     + + +     Faith    .   x - +1 steam dragon scales
rPois    ∞         Spirit   .   (no helmet)
rElec    .         Reflect  .   A - +1 cloak of Terror {+Fly rC+++ Str-5}
rCorr    .         Harm     .   (no gloves)
MR       .....                  (no boots)
Stlth    +.........             (no amulet)
HPRegen  0.00/turn              m - ring of wizardry
MPRegen  0.14/turn              v - ring of the Endless Expanse {rC+ Slay+5}

@: rotting
A: rotting body, claws 1, carnivore, cold resistance 1, negative energy
resistance 3, inhibited regeneration, torment resistance, unbreathing
a: Renounce Religion, Evoke Flight


You were on level 12 of the Dungeon.
You worshipped Xom.
You were a plaything of Xom.
You were not hungry.

You visited 1 branch of the dungeon, and saw 12 of its levels.

You collected 4458 gold pieces.


Innate Abilities, Weirdness & Mutations

Your body is rotting away.
You thrive on raw meat.
You are immune to poison.
You have sharp fingernails.
You are carnivorous and can eat meat at any time.
Your flesh is cold resistant. (rC+)
You are immune to negative energy. (rN+++)
You do not regenerate when monsters are visible.
You are immune to unholy pain and torment.
You can survive without breathing.


   Skills:
 - Level 9.0 Fighting
 - Level 1.7 Armour
 + Level 11.0 Dodging
 + Level 13.7 Unarmed Combat
 - Level 6.1 Evocations


You had 11 spell levels left.
You didn't know any spells.

Action                   |  1- 3 |  4- 6 |  7- 9 | 10-12 || total
-------------------------+-------+-------+-------+-------++-------
Melee: Unarmed           |   111 |   177 |   212 |   658 ||  1158
       Punch             |     3 |     4 |     9 |    27 ||    43
Throw: Throwing net      |       |       |       |     1 ||     1
Evoke: Wand              |       |     1 |    12 |    20 ||    33
       Lamp of fire      |       |       |       |     1 ||     1
  Use: Scroll            |       |     6 |     9 |     8 ||    23
 Stab: Paralysed         |       |       |    11 |    20 ||    31
       Distracted        |       |       |       |     1 ||     1
       Held in net/web   |       |       |       |     1 ||     1
  Eat: Chunk             |     2 |    23 |    20 |    57 ||   102
       Ration            |       |       |     1 |       ||     1
Armor: Leather armour    |    43 |    30 |    60 |    55 ||   188
       Steam dragon scal |       |       |       |    93 ||    93
Dodge: Dodged            |    71 |    85 |    69 |   415 ||   640

Inventory:

Hand Weapons
 s - a +1 blowgun
Missiles
 t - 2 curare-tipped needles
Armour
 d - a +1 robe of fire resistance
 x - +1 steam dragon scales (worn)
 y - a +2 robe of fire resistance
 A - the +1 cloak of Terror (worn) {+Fly rC+++ Str-5}
   (You found it on level 8 of the Dungeon)

   It affects your strength (-5).
   It renders you almost immune to cold.
   It lets you fly.
Jewellery
 m - a ring of wizardry (left claw)
 v - the ring of the Endless Expanse (right claw) {rC+ Slay+5}
   (You found it on level 7 of the Dungeon)

   [ring of protection from cold]

   It affects your accuracy and damage with ranged weapons and melee attacks
   (+5).
   It protects you from cold.
Wands
 k - a wand of paralysis (9) {god gift}
 p - a wand of flame (26)
 w - a wand of disintegration (11)
Scrolls
 a - 3 scrolls of identify
 c - 2 scrolls of amnesia
 e - 8 scrolls of remove curse
 o - a scroll of immolation
 r - a scroll of fog
Potions
 g - a potion of mutation
 h - a potion of magic
 i - 3 potions of flight
 j - 5 potions of agility
 l - 7 potions of curing
 n - 2 potions of cancellation
 q - 2 potions of heal wounds
 u - 2 potions of resistance
 z - 4 potions of might
Miscellaneous
 f - a lamp of fire (inert)
Comestibles
 b - 24 rations

.......#.#.......+
.........#.......#
.......#######'###
#.###### #..# #.
##o# . #(# #####'##
+...ooO# ##...Oo@#
#### #.(..ooo# o...o
#......o# ####oo....
#.<....o# #.ooo..o..
+......(###o##.....:
#.......')).# ..oo.
#.......#####


oOoo ######+## ol. ## You could see 3 orc warriors, 2 ogres, 2 orc priests and 4
orcs.

Vanquished Creatures
  Fannar (D:11)
  Erica (D:11)
  A two-headed ogre (D:8)
  Nergalle (D:11)
  The ghost of SakhabievAskhat the Insei, a novice GnTm of Cheibriados (D:8)
  An unseen horror (D:12)
  A lindwurm (shapeshifter) (D:11)
  Pikel (D:5)
  An ugly thing (D:11)
  A manticore (D:11)
  Psyche (D:10)
  A troll (D:9)
  A polar bear (D:8)
  Prince Ribbit (D:6)
  A hornet (D:10)
  7 slime creatures
  4 hippogriffs
  A vampire (D:11)
  12 yaks
  A shadow (D:11)
  3 wyverns (D:8)
  A wraith (D:12)
  A basilisk (D:8)
  Grum (D:10)
  Edmund (D:6)
  2 orc warriors (D:12)
  2 sky beasts
  2 black bears (D:10)
  An eye of draining (D:10)
  3 ice beasts
  3 phantoms
  6 ogres
  4 wolves (D:10)
  2 centaurs
  3 crocodiles
  A big kobold (D:10)
  3 bullfrogs
  A wyvern zombie (D:7)
  A water moccasin skeleton (D:9)
  4 scorpions
  17 killer bees
  15 wights
  5 howler monkeys
  An electric eel (D:8)
  2 bullfrog zombies
  A centaur zombie (D:8)
  6 crimson imps
  3 jellies
  2 centaur skeletons (D:7)
  5 orc priests
  9 orc wizards
  3 bullfrog skeletons
  Jessica (D:2)
  2 iguanas
  Natasha (thrice) (D:2)
  7 worker ants
  A killer bee zombie (D:5)
  2 centaur simulacra (D:8)
  A howler monkey skeleton (D:4)
  7 adders
  2 shadow imps
  A white imp (D:8)
  3 ufetubi (D:8)
  An adder zombie (D:5)
  A worm (D:2)
  2 dart slugs
  An adder simulacrum (D:8)
  3 leopard geckos
  34 orcs
  A ball python (D:1)
  5 giant cockroaches
  4 goblins
  7 hobgoblins
  4 jackals (D:8)
  10 kobolds
  7 quokkas
  5 bats
  4 frilled lizards
  7 rats
280 creatures vanquished.

Vanquished Creatures (collateral kills)
  A hungry ghost (D:10)
  A sky beast (D:4)
  An ogre (D:10)
  A centaur skeleton (D:8)
  An orc wizard (D:4)
  An orc (D:4)
6 creatures vanquished.

Vanquished Creatures (others)
  4 gnolls (D:5)
4 creatures vanquished.

Grand Total: 290 creatures vanquished

Vault maps used:
D:1:      wheals_arrival_linesprint
D:2:      first_ration, uniq_natasha, uniq_jessica
D:3:      amethyst_overflow_temple_binary
D:4:      minmay_temple_entry_statues
D:5:      lemuel_doored_altar, basic_altar, uniq_pikel
D:6:      fiery_altar_vehumet, lemuel_coloured_pillars_altar, uniq_edmund,
          uniq_prince_ribbit1
D:7:      gammafunk_temple_overflow_wave
D:8:      doesnt_xom_only_xom, erik_lair_dragon, serial_ice, serial_ice_n,
          serial_ice_o, serial_ice_m, serial_ice_a, grunt_ogre_cave
D:10:     orc_0_dummy, basic_altar, uniq_grum, uniq_psyche
D:11:     uniq_erica, uniq_nergalle, uniq_fannar
D:12:     library_closet, nicolae_ashenzari_panopticon, uniq_nessos, uniq_rupert


Message History

The orc warrior hits you with a glaive!!
* * * LOW HITPOINT WARNING * * *
The orc priest hits you with a club.
* * * LOW HITPOINT WARNING * * *
You claw the orc priest!
The orc priest is severely wounded.
The ogre misses you. The orc hits you but does no damage.
Okay, then.
Okay, then.
Evoke which item? (* to show all) (? for menu, Esc to quit)
Okay, then.
Evoke which item? (* to show all) (? for menu, Esc to quit)
Aiming: Disintegrate
Press: ? - help, Shift-Dir - straight line, f - orc warrior
Aim: an orc warrior, wielding a glaive and wearing a chain mail (chance to defeat MR: 85%)
The orc warrior is blasted.
The orc priest hits you but does no damage.
The orc warrior hits you with a glaive!
You die...
Xom giggles madly!

Notes
Turn   | Place    | Note
-------+----------+-------------------------------------------
     0 | D:1      | Serpenta the Ghoul Chaos Knight began the quest for the Orb.
     0 | D:1      | Reached XP level 1. HP: 19/19 MP: 0/0
    91 | D:1      | XOM: harmless Tmut miscast
   165 | D:1      | Reached XP level 2. HP: 23/26 MP: 1/1
   802 | D:2      | Reached XP level 3. HP: 33/33 MP: 2/2
   813 | D:2      | Reached skill level 4 in Unarmed Combat
   895 | D:2      | XOM: mild Pois miscast
   901 | D:2      | XOM: divination: detect items
   971 | D:2      | XOM: potion effect (haste)
  1046 | D:2      | Noticed Jessica
  1053 | D:2      | Killed Jessica
  1053 | D:2      | Reached XP level 4. HP: 39/41 MP: 3/3
  1085 | D:2      | XOM: silly message
  1209 | D:2      | Noticed Natasha
  1348 | D:3      | XOM: harmless Erth miscast
  1445 | D:3      | XOM is BORED!
  1445 | D:3      | XOM: harmless Tloc miscast
  1504 | D:3      | XOM: scenery: create altars
  1508 | D:3      | Reached XP level 5. HP: 46/47 MP: 4/4
  1516 | D:3      | Reached skill level 5 in Fighting
  1516 | D:3      | Reached skill level 5 in Unarmed Combat
  1574 | D:3      | Found a basalt altar of Yredelemnul.
  1585 | D:3      | Found an iron altar of Okawaru.
  1814 | D:3      | XOM: god gift: 26 gold pieces {god gift}
  1846 | D:2      | Killed Natasha
  1857 | D:2      | Noticed Natasha
  1863 | D:2      | Killed Natasha
  1946 | D:2      | Noticed Natasha
  1953 | D:2      | Killed Natasha
  1953 | D:2      | Reached XP level 6. HP: 46/56 MP: 5/5
  2153 | D:3      | XOM: scenery: create altars
  2218 | D:3      | XOM: god gift: wand of paralysis (15) {god gift}
  2521 | D:4      | XOM: noise
  2539 | D:4      | Noticed a sky beast
  2541 | D:4      | XOM: summons 6 friendly demons
  2548 | D:4      | XOM: god gift: 3620 gold pieces {god gift}
  2552 | D:4      | Killed a sky beast
  2552 | D:4      | Reached skill level 6 in Unarmed Combat
  2552 | D:4      | Reached skill level 1 in Evocations
  2611 | D:4      | XOM is BORED!
  2611 | D:4      | XOM: 5-stop teleportation journey
  2858 | D:4      | XOM: enchant monster (good)
  2987 | D:4      | XOM: mild Tloc miscast
  3167 | D:4      | Found a staircase to the Ecumenical Temple.
  3258 | D:4      | XOM: mild Ice miscast
  3260 | D:4      | XOM: scenery: create altars
  3353 | D:4      | XOM: god gift: wand of disintegration (6) {god gift}
  3484 | D:5      | Entered Level 5 of the Dungeon
  3487 | D:5      | XOM: harmless Erth miscast
  3504 | D:5      | Reached XP level 7. HP: 48/57 MP: 7/7
  3524 | D:5      | Found a glowing silver altar of Zin.
  3581 | D:5      | Found a glowing golden altar of the Shining One.
  3640 | D:5      | Noticed Pikel
  3641 | D:5      | Killed Pikel
  3641 | D:5      | Reached skill level 7 in Unarmed Combat
  3641 | D:5      | Reached XP level 8. HP: 65/65 MP: 7/10
  3818 | D:5      | Reached skill level 8 in Unarmed Combat
  3960 | D:6      | XOM: confusion
  3961 | D:6      | Noticed Prince Ribbit
  3969 | D:6      | XOM: divination: detect creatures
  3975 | D:6      | XOM: confusion
  3995 | D:6      | Killed Prince Ribbit
  3995 | D:6      | Reached skill level 5 in Evocations
  4370 | D:6      | XOM: swap monsters
  4373 | D:6      | XOM: summons friendly quasit
  4398 | D:6      | Reached skill level 9 in Unarmed Combat
  4507 | D:6      | Noticed Edmund
  4513 | D:6      | Killed Edmund
  4513 | D:6      | Reached XP level 9. HP: 74/74 MP: 12/12
  4540 | D:6      | Found a radiant altar of Vehumet.
  4640 | D:6      | Found a burning altar of Makhleb.
  4714 | D:6      | 4k gold by d6. too bad no shops around :)
  4874 | D:7      | XOM: noise
  4883 | D:7      | XOM: confusion
  4907 | D:7      | Reached skill level 10 in Unarmed Combat
  4955 | D:7      | XOM: silly message
  5367 | D:7      | XOM: mild Chrm miscast
  5635 | D:7      | Found an opulent altar of Gozag.
  5635 | D:7      | Found a shattered altar of Ashenzari.
  5744 | D:7      | Got a scorched turquoise ring
  5745 | D:7      | Identified the ring of the Endless Expanse {rC+ Slay+5} (You found it on level 7 of the Dungeon)
  5746 | D:7      | nice
  5815 | D:7      | XOM is BORED!
  5815 | D:7      | XOM: medium Ice miscast
  5848 | D:8      | Got a dazzling cloak
  5854 | D:8      | Identified the +1 cloak of Terror {+Fly rC+++ Str-5} (You found it on level 8 of the Dungeon)
  5905 | D:8      | XOM: cleaving
  5929 | D:8      | Reached skill level 11 in Unarmed Combat
  5945 | D:8      | XOM: medium Pois miscast
  6014 | D:8      | Noticed SakhabievAskhat's ghost (novice GnTm)
  6018 | D:8      | XOM: scenery: create altars
  6273 | D:8      | Killed SakhabievAskhat's ghost
  6273 | D:8      | Reached skill level 12 in Unarmed Combat
  6273 | D:8      | Reached XP level 10. HP: 61/82 MP: 13/13
  6276 | D:8      | XOM: butterfly on damage
  6529 | D:8      | XOM: harmless Erth miscast
  6707 | D:8      | XOM: harmless Hex miscast
  6731 | D:8      | XOM: cast spell 'Death Channel'
  6827 | D:8      | Noticed a two-headed ogre
  6842 | D:8      | Killed a two-headed ogre
  6883 | D:8      | XOM: 2-stop teleportation journey
  6893 | D:8      | XOM: 4-stop teleportation journey
  7010 | D:8      | XOM: 5-stop teleportation journey
  7185 | D:8      | XOM: harmless Chrm miscast
  7199 | D:8      | XOM: divination: detect creatures
  7200 | D:8      | XOM: polymorph steam dragon -> crocodile
  7216 | D:8      | XOM: medium Erth miscast
  7364 | D:8      | XOM: stat loss: -1 Str (11/12)
  7369 | D:8      | Reached skill level 1 in Dodging
  7413 | D:8      | XOM: divination: detect creatures
  7417 | D:8      | XOM: mild Summ miscast
  7441 | D:8      | XOM: potion effect (might)
  7485 | D:8      | Found a staircase to the Lair.
  7567 | D:8      | Found a shimmering altar of Xom.
  7569 | D:8      | Found an ornate altar of the Wu Jian Council.
  7569 | D:8      | Found an iron altar of Okawaru.
  7574 | D:8      | Found a shimmering altar of Xom.
  7574 | D:8      | Found a glowing silver altar of Zin.
  7574 | D:8      | Found a glowing golden altar of the Shining One.
  8107 | D:9      | XOM: chaos upgrade
  8110 | D:8      | XOM: swap monsters
  8316 | D:8      | XOM: silly message
  8351 | D:9      | XOM: enchant monster (bad)
  8588 | D:9      | Reached skill level 5 in Dodging
  8791 | D:9      | Reached XP level 11. HP: 92/97 MP: 14/14
  8854 | D:9      | XOM: swap monsters
  8862 | D:9      | XOM: mild Necr miscast
  8862 | D:9      | HP: 3/97 [water moccasin skeleton (2)]
  8939 | D:9      | XOM: medium Tmut miscast
  9088 | D:9      | XOM: stat loss: -1 Dex (10/11)
  9877 | D:10     | Entered Level 10 of the Dungeon
  9917 | D:10     | XOM: 2-stop teleportation journey
 10009 | D:10     | Noticed Psyche
 10017 | D:10     | Killed Psyche
 10150 | D:10     | XOM: summons 6 friendly demons
 10152 | D:10     | XOM: medium Hex miscast
 10300 | D:10     | Found a staircase to the Orcish Mines.
 10300 | D:10     | Noticed Grum
 10334 | D:10     | Killed Grum
 10374 | D:10     | Found a stormy altar of Qazlal.
 10687 | D:10     | XOM: harmless Chrm miscast
 10691 | D:10     | XOM: enchant monster (bad)
 10739 | D:10     | XOM: divination: detect items
 10750 | D:10     | XOM: scenery: 2 doors open, 1 doors close
 10966 | D:10     | XOM is BORED!
 10966 | D:10     | XOM: medium Tmut miscast
 11089 | D:11     | XOM: summons 2 friendly demons
 11382 | D:11     | Noticed Nergalle
 11406 | D:11     | Killed Nergalle
 11440 | D:11     | XOM: cloud trail
 11617 | D:11     | XOM: cast spell 'Summon Small Mammal'
 11679 | D:11     | XOM: summons friendly ufetubus
 11698 | D:11     | XOM: blink monster(s)
 11743 | D:11     | Noticed Fannar
 11782 | D:11     | XOM: potion effect (haste)
 11785 | D:11     | XOM: polymorph ufetubus -> shadow imp
 11794 | D:11     | XOM: noise
 11799 | D:11     | XOM: smoke on damage
 11809 | D:11     | Killed Fannar
 11857 | D:11     | Noticed a manticore
 11864 | D:11     | XOM: enchant monster (good)
 11884 | D:11     | XOM: polymorph shadow imp -> crimson imp
 11892 | D:11     | Reached skill level 10 in Dodging
 11898 | D:11     | XOM: mild Conj miscast
 11908 | D:11     | Noticed Erica
 11963 | D:10     | XOM: summons 5 hostile demons
 12137 | D:11     | XOM: god gift: 43 gold pieces {god gift}
 12138 | D:11     | XOM: enchant monster (bad)
 12153 | D:11     | Killed Erica
 12153 | D:11     | Reached XP level 12. HP: 76/104 MP: 15/15
 12314 | D:11     | Reached skill level 13 in Unarmed Combat
 12416 | D:11     | XOM: silly message
 12423 | D:11     | XOM: potion effect (curing)
 12536 | D:11     | XOM is BORED!
 12536 | D:11     | XOM: harmless Tmut miscast
 12591 | D:11     | Noticed a two-headed ogre
 12600 | D:11     | XOM: blink monster(s)
 12601 | D:11     | XOM: chaos upgrade
 12610 | D:11     | a two-headed ogre changed into a glowing shapeshifter
 12610 | D:11     | XOM: polymorph two-headed ogre -> glowing shapeshifter
 12773 | D:11     | XOM: summons 4 hostile demons
 13068 | D:12     | XOM: harmless Chrm miscast
 13339 | D:12     | XOM: swap monsters
 13341 | D:12     | Slain by an orc warrior
